Map: Port Aleksander LE

Players

DnS - Winner!

  • Race: Protoss Protoss
  • Spawn Location: 5:00

RiSky

  • Race: Zerg Zerg
  • Spawn Location: 11:00

Event: 2019 WCS Spring

VOD

Have the link to the VOD?

Description

Time

  • Played on: May 17, 2019, 1:17 p.m.
  • Length: 7:57

All games in this series

Show
View Real Time Build Order
Export as new Build Order

DnS Protoss - Winner!

Build Orders: 1 Gate Expand, Oracle Opening 

Get SALT Encoding   

  12  0:00  Probe  
  13  0:12  Probe  
  14  0:17  Pylon  
  14  0:24  Probe  
  15  0:32  Probe  
  15  0:38  Gateway  
  15  0:40  Probe  
  16  0:47  Assimilator  
  17  0:51  Probe  
  18  1:03  Probe  
  19  1:15  Probe  
  20  1:26  Nexus  
  20  1:37  Cybernetics Core  
  20  1:40  Probe  
  21  1:47  Assimilator  
  21  1:52  Probe  
  22  1:56  Pylon  
  22  2:04  Probe, Adept  
  25  2:16  Probe  
  25  2:21  Stargate  
  26  2:29  Warp Gate, Probe  
  27  2:36  Probe  
  27  2:38  Stalker  
  27  2:41  Probe  
  31  2:44  Probe  
  32  2:53  Probe  
  32  2:54  Probe  
  34  2:59  Oracle  
  34  3:05  Probe  
  35  3:10  Probe  
  39  3:17  Probe  
  39  3:19  Probe  
  40  3:24  Pylon  
  41  3:27  Probe  
  41  3:29  Probe  
  41  3:30  Adept  
  45  3:35  Assimilator  
  45  3:36  Oracle, Assimilator, Probe  
  44  3:43  Probe  
  44  3:46  Gateway  
  48  3:51  Probe, Pylon  
  49  3:56  Probe  
  49  4:00  Pylon  
  50  4:04  Probe  
  50  4:08  Probe  
  52  4:11  Oracle  
  52  4:12  Robotics Facility  
  52  4:16  Probe  
  56  4:19  Adept  
  56  4:21  Probe  
  59  4:28  Probe  
  59  4:30  Pylon  
  60  4:33  Probe  
  61  4:39  Pylon  
  61  4:46  Probe  
  61  4:49  Warp Prism  
  62  4:54  Sentry x2  
  62  4:55  Pylon  
  66  5:08  Pylon  
  66  5:11  Gateway  
  66  5:12  Gateway  
  66  5:17  Immortal  
  66  5:18  Sentry x2  
  72  5:43  Immortal  
  72  5:45  Nexus  
  72  5:46  Sentry x2  
  76  5:51  Gateway x2  
  76  5:52  Gateway  
  76  5:56  Gateway  
  80  6:06  Pylon  
  80  6:10  Sentry x4, Pylon  
  88  6:14  Immortal  
  85  6:25  Probe x2  
  91  6:38  Stalker x3  
  96  6:41  Sentry  
  98  6:49  Adept x3  
  101  7:10  Adept x4  
  101  7:11  Adept x3  
  115  7:18  Adept  
  117  7:25  Pylon  
  117  7:37  Stalker x5  
  109  7:57  Stalker x3  
Show
View Real Time Build Order
Export as new Build Order

RiSky Zerg 

Build Orders: Hatch First 

Get SALT Encoding   

  12  0:00  Drone  
  13  0:12  Overlord  
  13  0:18  Drone  
  14  0:30  Drone  
  14  0:31  Drone  
  16  0:49  Hatchery  
  15  0:52  Drone  
  15  0:56  Drone  
  17  0:59  Drone  
  18  1:10  Extractor  
  17  1:15  Spawning Pool  
  17  1:18  Drone  
  17  1:22  Drone  
  18  1:28  Drone  
  19  1:39  Drone  
  20  1:52  Overlord  
  20  2:01  Queen  
  20  2:02  Queen, Zergling x2  
  20  2:05  Zergling x2  
  26  2:12  Drone x2  
  28  2:15  Metabolic Boost  
  28  2:22  Drone  
  29  2:23  Drone  
  30  2:37  Drone  
  31  2:46  Overlord  
  31  2:48  Drone  
  31  2:49  Drone  
  33  2:52  Hatchery  
  33  2:56  Drone  
  33  2:57  Drone  
  34  3:07  Drone  
  34  3:09  Drone  
  34  3:11  Drone  
  34  3:12  Drone  
  37  3:13  Queen  
  37  3:15  Drone  
  40  3:21  Overlord  
  40  3:22  Drone x2  
  40  3:23  Drone  
  40  3:26  Drone  
  43  3:39  Drone  
  44  3:42  Spore Crawler, Drone x2  
  44  3:43  Drone  
  44  3:45  Drone x3  
  49  3:50  Queen  
  49  3:52  Overlord  
  49  3:54  Drone  
  52  3:59  Spore Crawler  
  52  4:02  Drone  
  52  4:04  Drone  
  52  4:08  Drone  
  54  4:14  Drone x2  
  54  4:15  Drone x2  
  58  4:17  Spore Crawler  
  58  4:18  Drone x2  
  58  4:21  Spore Crawler  
  58  4:24  Drone  
  60  4:27  Lair, Drone  
  60  4:29  Drone x2  
  60  4:30  Roach Warren, Zergling x2  
  63  4:33  Zergling x2  
  63  4:36  Zergling x2  
  65  4:40  Zergling x2  
  65  4:46  Overlord  
  65  4:49  Extractor  
  65  4:50  Overlord, Extractor  
  65  4:51  Zergling x2  
  63  4:53  Overlord  
  63  4:57  Drone  
  63  4:58  Drone x2  
  63  4:59  Drone  
  66  5:02  Overlord x2  
  66  5:04  Overlord x2  
  66  5:10  Extractor  
  66  5:12  Evolution Chamber  
  64  5:20  Roach x4  
  70  5:23  Roach x2  
  74  5:30  Roach  
  74  5:31  Overseer  
  82  5:35  Roach x3  
  82  5:36  Roach  
  82  5:39  Overlord  
  82  5:41  Overlord  
  82  5:42  Overlord  
  81  5:43  Overlord  
  81  5:46  Drone x2  
  81  5:47  Drone x2  
  81  5:48  Overlord  
  84  5:56  Drone x2  
  86  5:57  Drone  
  86  6:00  Spire  
  86  6:02  Drone  
  87  6:06  Extractor, Drone x3  
  87  6:08  Drone x2  
  89  6:18  Drone  
  89  6:19  Overlord  
  89  6:21  Hatchery  
  89  6:23  Drone x3  
  91  6:26  Extractor  
  91  6:27  Drone  
  91  6:28  Drone  
  91  6:31  Drone  
  91  6:34  Drone x2  
  91  6:35  Drone  
  92  6:40  Drone  
  93  6:51  Roach x3  
  93  6:52  Zergling x8  
  103  6:55  Overlord  
  103  7:00  Zergling x8  
  107  7:09  Zergling x4  
  107  7:14  Zergling x10  
  112  7:18  Roach  
  110  7:24  Ravager x8  
  110  7:25  Zergling x4  
  120  7:31  Roach x3  
  120  7:33  Roach  
  125  7:38  Roach x2  
Tags
 
Add a new tag
Caveats
  • Supply blocks, unpowered buildings, or Contaminate may cause inaccurate times.
  • Supply counts are checked every 10 seconds.